 Dungeon Crawl Stone Soup version 0.18-a0-1730-g73f0523 (webtiles) character file.

217 graki42 the Sneak (level 6, -2/41 HPs)
             Began as a Halfling Assassin on Apr 10, 2016.
             Slain by a giant gecko (4 damage)
             ... on level 4 of the Dungeon on Apr 11, 2016.
             The game lasted 00:10:30 (2613 turns).

graki42 the Sneak (Halfling Assassin)               Turns: 2613, Time: 00:10:31

Health: -2/41      AC:  4    Str: 11    XL:     6   Next: 16%
Magic:  6/6        EV: 16    Int: 10    God:
Gold:   110        SH:  0    Dex: 18    Spells: 0 memorised, 5 levels left

rFire  . . .     SeeInvis .     p - +0 scimitar
rCold  . . .     Gourm    .     c - +0 robe
rNeg   . . .     Faith    .     (shield restricted)
rPois  .         Spirit   .     (no helmet)
rElec  .         Dismiss  .     o - +0 cloak
rCorr  .         Reflect  .     r - +0 pair of gloves
SustAt .         Harm     .     (no boots)
MR     .....                    (no amulet)
Stlth  ++++......               (no ring)
                                (no ring)

@: not resistant to hostile enchantments, stealthy
A: mutation resistance 1
a: no special abilities


You were on level 4 of the Dungeon.
You were hungry.

You visited 1 branch of the dungeon, and saw 4 of its levels.

You collected 110 gold pieces.

Inventory:

Hand Weapons
 a - a +2 dagger
 b - a +0 blowgun
 p - a +0 scimitar (weapon)
 w - a +0 rapier
Missiles
 e - 4 poisoned needles
 f - 2 curare-tipped needles
Armour
 c - a +0 robe (worn)
 o - a +0 cloak (worn)
 r - a +0 pair of gloves (worn)
Scrolls
 h - a scroll of teleportation
 i - a scroll of recharging
 k - a scroll of identify {unknown}
 m - a scroll of enchant weapon {unknown}
 t - a scroll of immolation {unknown}
Potions
 d - 2 potions of curing
 j - a potion of cancellation {unknown}
 u - a potion of ambrosia {unknown}
 v - 2 potions of might {unknown}
Comestibles
 g - 2 bread rations
 l - 3 chunks of flesh
 n - a meat ration


   Skills:
 + Level 2.5 Fighting
 + Level 3.6(3.7) Short Blades
 + Level 0.4(1.7) Long Blades
 + Level 2.2 Throwing
 + Level 3.4 Dodging
 + Level 6.1 Stealth


You had 5 spell levels left.
You didn't know any spells.

Dungeon Overview and Level Annotations

Branches:
Dungeon (4/15)
 Temple: D:4-7

Altars:
Kikubaaqudgha
Nemelex Xobeh
Xom

Annotations:
D:3 M4edhros's ghost, weakling OpAr


Innate Abilities, Weirdness & Mutations

You are small and have problems with some larger weapons.
You are somewhat resistant to further mutation.


Message History

Your experience leads to an increase in your attributes!
Increase (S)trength, (I)ntelligence, or (D)exterity?
You feel agile. The giant gecko bites you.
* * * LOW HITPOINT WARNING * * *
You closely miss the giant gecko. The giant gecko closely misses you. x2
You miss the giant gecko. The giant gecko bites you.
* * * LOW HITPOINT WARNING * * *
You barely miss the giant gecko.
The giant gecko bites you but does no damage.
The giant gecko completely misses you.
You barely miss the giant gecko. The giant gecko closely misses you.
The giant gecko barely misses you.
You closely miss the giant gecko. The giant gecko closely misses you.
You miss the giant gecko. The giant gecko misses you.
The giant gecko closely misses you.
You barely miss the giant gecko. The giant gecko misses you.
You hit the giant gecko but do no damage.
The giant gecko barely misses you. The giant gecko bites you.
You die...

[......(....#
..?......>..#
............
...........#
...........#
#.........
...........#
##...>.....
.......(..#
#..........
.......@..#
#..........
.......l.##
##..........
.........# #.........#
.........####........#
#.......P...........#
#.....P.P###......###
# ....P....# #.....##
# .#>..P.... #......#
## #....#... #.#....##
##.


You could see a giant gecko.

Vanquished Creatures
  A crimson imp (D:3)
  A hound (D:4)
  Crazy Yiuf (D:2)
  A worker ant (D:4)
  A gnoll (D:1)
  3 adders
  An adder skeleton (D:4)
  2 worms (D:2)
  A giant gecko (D:2)
  5 bats
  7 giant cockroaches
  5 goblins (D:1)
  8 hobgoblins
  3 jackals (D:2)
  A quokka (D:4)
  A ball python (D:3)
  3 giant newts
  5 kobolds
  9 rats
59 creatures vanquished.

Notes
Turn   | Place    | Note
--------------------------------------------------------------
     0 | D:1      | graki42 the Halfling Assassin began the quest for the Orb.
     0 | D:1      | Reached XP level 1. HP: 14/14 MP: 1/1
   241 | D:1      | Reached XP level 2. HP: 19/19 MP: 2/2
   321 | D:1      | Reached skill level 5 in Stealth
   321 | D:1      | Reached XP level 3. HP: 18/24 MP: 3/3
  1024 | D:2      | Reached XP level 4. HP: 29/29 MP: 4/4
  1153 | D:2      | Found a faded altar to an unknown god.
  1462 | D:2      | Noticed Crazy Yiuf
  1478 | D:2      | Killed Crazy Yiuf
  1478 | D:2      | Reached XP level 5. HP: 9/35 MP: 5/5
  1642 | D:3      | Found a shimmering altar of Xom.
  2323 | D:4      | Found a sparkling altar of Nemelex Xobeh.
  2400 | D:4      | Reached skill level 6 in Stealth
  2447 | D:3      | Noticed M4edhros's ghost (weakling OpAr)
  2449 | D:3      | Noticed a phantom
  2570 | D:4      | Found an ancient bone altar of Kikubaaqudgha.
  2605 | D:4      | Reached XP level 6. HP: 8/41 MP: 6/6
  2607 | D:4      | HP: 1/41 [giant gecko (2)]
  2613 | D:4      | Slain by a giant gecko

Vault maps used:
D:1:      nicolae_arrival_somewhat_less_tricky_arrival, grunt_decor_cap,
          minivault_14
D:2:      ecumenical_altar_1, first_bread, uniq_crazy_yiuf_cottage
D:3:      led_xom_imps, minmay_surrounded
D:4:      kiku_gazebo_garden_becter, old_standard_altar

Skill      XL: |  1  2  3  4  5 |
---------------+----------------+-----
Fighting       | 2 |  2.5
Stealth        | 5 6 |  6.1
Dodging        | 2 3 |  3.4
Short Blades   | 3 |  3.6
Long Blades    | |  0.4
Throwing       | |  2.2

Action                   |  1- 3 |  4- 6 || total
-------------------------+-------+-------++-------
Melee: Dagger            |    77 |   194 ||   271
       Scimitar          |     7 |    16 ||    23
       Rapier            |       |     8 ||     8
 Fire: Blowgun           |       |     6 ||     6
  Use: Potion            |       |     2 ||     2
       Scroll            |       |     4 ||     4
 Stab: Sleeping          |     8 |     5 ||    13
  Eat: Chunk             |       |     2 ||     2
       Fruit             |       |     3 ||     3
       Beef jerky        |       |     1 ||     1
